[Event "Titled Tuesday Blitz April 18 Late 2023"]
[White "koncheto"]
[Black "Volkmann, Andre Jordi"]
[BlackFideId "2154463"]
[WhiteElo "2539"]
[BlackElo "1999"]
[Result "1/2-1/2"]
[Round "03"]
[TimeControl "180+2"]
[Date "2023.04.18"]
[WhiteClock "0:00:03"]
[BlackClock "0:00:24"]

1. e4 c6 2. d4 d5 3. Nc3 dxe4 4. Nxe4 Nf6 5. Nxf6+ exf6 6. c3 Be6 7. Bd3 Bd6 8. Ne2 O-O 9. O-O Nd7 10. f4 f5 11. Ng3 g6 12. Re1 Re8 13. Bd2 Qc7 14. Qf3 Bd5 15. Qf1 Nf6 16. c4 Be4 17. Bc3 Bf8 18. Bxe4 Nxe4 19. Nxe4 fxe4 20. f5 Bg7 21. Rad1 Rad8 22. Qf2 Qe7 23. Qf4 e3 24. Rd3 Qe4 25. Qxe4 Rxe4 26. fxg6 hxg6 27. Rexe3 Rxe3 28. Rxe3 Bxd4 29. Bxd4 Rxd4 30. Re7 Rxc4 31. Rxb7 a5 32. a3 a4 33. Rb4 Rxb4 34. axb4 f5 35. h4 Kf7 36. Kf2 Ke6 37. Kf3 Ke5 38. Ke3 f4+ 39. Kd3 Kd5 40. Kc3 Ke4 41. Kc4 Ke3 42. Kc5 Kf2 43. Kxc6 Kxg2 44. b5 f3 45. b6 f2 46. b7 f1=Q 47. b8=Q Qc1+ 48. Kd5 Qd2+ 49. Ke6 Qe1+ 50. Kf7 Qxh4 51. Kxg6 Qg3+ 52. Qxg3+ Kxg3 53. Kf5 Kf3 54. Ke5 Ke3 55. Kd5 Kd3 56. Kc5 Kc2 57. Kb4 Kxb2 58. Kxa4 1/2-1/2


[Site "https://www.chess.com"]

[Event "Titled Tuesday Blitz April 18 Late 2023"]
[White "Prithu Gupta"]
[Black "angelgab3"]
[WhiteFideId "46618546"]
[WhiteElo "2344"]
[BlackElo "2535"]
[Result "1-0"]
[Round "03"]
[TimeControl "180+2"]
[Date "2023.04.18"]
[WhiteClock "0:01:41"]
[BlackClock "0:01:11"]

1. d4 Nf6 2. Nf3 e6 3. g3 d5 4. Bg2 Be7 5. O-O O-O 6. c4 dxc4 7. Qc2 a6 8. a4 Bd7 9. Qxc4 Bc6 10. Nc3 a5 11. Bg5 Na6 12. Rfc1 Nb4 13. Ne5 Bxg2 14. Kxg2 h6 15. Bxf6 Bxf6 16. Ne4 c6 17. Nxf6+ gxf6 18. Nf3 Qd5 19. Qxd5 Nxd5 20. e4 Nb4 21. Kf1 Kh7 22. Ke2 Rg8 23. h3 Rgd8 24. Ke3 Rd7 25. Rc5 b6 26. Rc3 Rad8 27. Rd1 c5 28. g4 Kg7 29. Rd2 Nc6 30. dxc5 Rxd2 31. Nxd2 bxc5 32. Rxc5 Ne5 33. Rxa5 Rxd2 34. Kxd2 Nc4+ 35. Kc3 Nxa5 36. b4 Nc6 37. b5 Na5 38. Kb4 Nb7 39. a5 1-0


[Site "https://www.chess.com"]

[Event "Titled Tuesday Blitz April 18 Late 2023"]
[White "Aggelis, Nikolaos"]
[Black "Sailer, Mike"]
[WhiteFideId "4213220"]
[BlackFideId "2012901"]
[WhiteElo "2189"]
[BlackElo "2109"]
[Result "1-0"]
[Round "03"]
[TimeControl "180+2"]
[Date "2023.04.18"]
[WhiteClock "0:00:18"]
[BlackClock "0:00:02"]

1. c4 g6 2. g3 Bg7 3. Bg2 d6 4. Nf3 Nd7 5. O-O e5 6. Nc3 f5 7. d3 Ngf6 8. Rb1 a5 9. a3 O-O 10. b4 axb4 11. axb4 h6 12. Ne1 g5 13. Nc2 f4 14. b5 h5 15. Nb4 h4 16. Ncd5 hxg3 17. fxg3 Ng4 18. e4 Nc5 19. h3 Nf6 20. Nxf6+ Rxf6 21. Nd5 Rf7 22. Kh1 Ne6 23. g4 Ra2 24. Rb2 Ra1 25. Rff2 Nd4 26. Ra2 Rxa2 27. Rxa2 f3 28. Bf1 c6 29. bxc6 bxc6 30. Ne3 Be6 31. Nf5 Bxf5 32. exf5 d5 33. Be3 dxc4 34. dxc4 c5 35. Bxd4 Qxd4 36. Qxf3 e4 37. Qf2 e3 38. Qf3 Re7 39. Qd5+ Qxd5+ 40. cxd5 Bd4 41. Bc4 Kg7 42. Kg2 Kf6 43. Kf3 Ke5 44. Ra6 Bc3 45. Re6+ Kd4 46. Rxe7 1-0


[Site "https://www.chess.com"]

[Event "Titled Tuesday Blitz April 18 Late 2023"]
[White "mestrefeitosa19"]
[Black "Tomaszewski, Kacper"]
[BlackFideId "1127373"]
[WhiteElo "2199"]
[BlackElo "2211"]
[Result "0-1"]
[Round "03"]
[TimeControl "180+2"]
[Date "2023.04.18"]
[WhiteClock "0:00:01"]
[BlackClock "0:00:40"]

1. c4 g6 2. Nc3 Bg7 3. d4 c5 4. Nf3 cxd4 5. Nxd4 Nc6 6. e3 Nxd4 7. exd4 d5 8. Be2 dxc4 9. Bxc4 Qxd4 10. Bb5+ Bd7 11. Bxd7+ Qxd7 12. Qxd7+ Kxd7 13. O-O Nf6 14. Bg5 Rhd8 15. Rac1 a6 16. Bxf6 Bxf6 17. Nd5 Rab8 18. Nxf6+ exf6 19. Rfd1+ Ke7 20. Re1+ Kf8 21. Rc7 Re8 22. Rd1 Rbd8 23. Rdc1 Re7 24. h3 Rdd7 25. R7c3 Kg7 26. a3 f5 27. b3 h5 28. a4 Rd2 29. Rc7 Rdd7 30. R7c3 Kf6 31. a5 Re5 32. b4 Rb5 33. Rc4 Rd2 34. Rb1 Ra2 35. Rd1 Rb2 36. Rdd4 Re5 37. Rd6+ Kg7 38. Rd7 Re1+ 39. Kh2 Rxf2 40. Rcc7 Ree2 41. Rxf7+ Kh6 42. Rh7+ Kg5 43. h4+ Kxh4 44. Rc4+ f4 45. Rf7 Rxg2+ 46. Kh1 Kh3 47. Rc3+ Rg3 0-1


[Site "https://www.chess.com"]

[Event "Titled Tuesday Blitz April 18 Late 2023"]
[White "Dubreuil, Julien"]
[Black "Taboas Rodriguez, Daniel"]
[WhiteFideId "621285"]
[BlackFideId "2208466"]
[WhiteElo "2195"]
[BlackElo "2365"]
[Result "1-0"]
[Round "03"]
[TimeControl "180+2"]
[Date "2023.04.18"]
[WhiteClock "0:00:25"]
[BlackClock "0:00:30"]

1. Nf3 Nf6 2. g3 b6 3. Bg2 Bb7 4. O-O g6 5. d3 Bg7 6. e4 O-O 7. Re1 c5 8. Nc3 d5 9. e5 Ne8 10. h4 Nc7 11. h5 Ne6 12. h6 Bh8 13. Bh3 Nc6 14. Bg4 Ncd4 15. Nh2 Qc7 16. f4 Rae8 17. a4 f5 18. Bh3 Nd8 19. Nb5 Nxb5 20. axb5 Qb8 21. Bg2 Ne6 22. c3 Nc7 23. Qa4 a5 24. Nf3 e6 25. Ng5 Bc8 26. b4 axb4 27. cxb4 Bd7 28. bxc5 Bxb5 29. Qa7 bxc5 30. Qxb8 Rxb8 31. Ra7 Rfc8 32. Ba3 Bxd3 33. Nxe6 Nxe6 34. Bxd5 Rb6 35. Re7 Rcc6 36. Rxe6 Rxe6 37. Bxc5 Rd6 38. Bxd6 1-0


[Site "https://www.chess.com"]

[Event "Titled Tuesday Blitz April 18 Late 2023"]
[White "Dahlgren, James Allen"]
[Black "Graif, William"]
[WhiteFideId "22256873"]
[BlackFideId "2609835"]
[WhiteElo "2187"]
[BlackElo "2205"]
[Result "0-1"]
[Round "03"]
[TimeControl "180+2"]
[Date "2023.04.18"]
[WhiteClock "0:01:46"]
[BlackClock "0:00:58"]

1. e4 e5 2. Nc3 Bc5 3. Nf3 Nf6 4. Nxe5 Nc6 5. Nxc6 dxc6 6. d3 Ng4 7. Be3 Bxe3 8. fxe3 Nxe3 9. Qe2 Qg5 10. Nd1 Ng4 11. g3 h5 12. h4 Qe5 13. Rg1 O-O 14. c3 f5 15. d4 Qxe4 16. Qxe4 fxe4 17. Bc4+ Kh8 18. Rf1 Bd7 19. Nf2 Ne3 20. Be2 Nxf1 21. Bxf1 Rf7 22. Kd2 Rxf2+ 0-1


[Site "https://www.chess.com"]

[Event "Titled Tuesday Blitz April 18 Late 2023"]
[White "ATM622"]
[Black "Mihajlovskij"]
[WhiteElo "2512"]
[BlackElo "2180"]
[Result "0-1"]
[Round "03"]
[TimeControl "180+2"]
[Date "2023.04.18"]
[WhiteClock "0:01:00"]
[BlackClock "0:01:52"]

1. d4 Nf6 2. c4 g6 3. g3 Bg7 4. Bg2 O-O 5. Nf3 d6 6. O-O c5 7. d5 e6 8. Nc3 exd5 9. cxd5 Re8 10. Nd2 a6 11. a4 Nbd7 12. Nc4 Ne5 13. Nxe5 Rxe5 14. e4 Rb8 15. a5 b5 16. axb6 Qxb6 17. Na4 Qb5 18. Bf4 Nd7 19. Bxe5 Nxe5 20. Qc2 Bd7 21. Rfd1 a5 22. Nc3 Qb4 23. Bf1 Nf3+ 24. Kh1 Nd4 25. Qd2 Nb3 26. Na2 Qxd2 27. Rxd2 Nxd2 28. Nc3 Nxf1 0-1


[Site "https://www.chess.com"]

[Event "Titled Tuesday Blitz April 18 Late 2023"]
[White "Florianovitz, Derlei Alex"]
[Black "Przybylski, Wojciech"]
[WhiteFideId "2114178"]
[BlackFideId "1117599"]
[WhiteElo "1953"]
[BlackElo "2222"]
[Result "1/2-1/2"]
[Round "03"]
[TimeControl "180+2"]
[Date "2023.04.18"]
[WhiteClock "0:00:09"]
[BlackClock "0:00:11"]

1. e4 c5 2. Nf3 e6 3. d4 cxd4 4. Nxd4 Nc6 5. Nc3 Qc7 6. a3 a6 7. Be3 Nf6 8. Bd3 Nxd4 9. Bxd4 e5 10. Be3 h6 11. h3 Bc5 12. Qe2 O-O 13. O-O d6 14. Rad1 Be6 15. f4 exf4 16. Rxf4 Bxe3+ 17. Qxe3 Qc5 18. Qf2 Nd7 19. Kh2 Qxf2 20. Rxf2 Ne5 21. Be2 Rfd8 22. Nd5 Bxd5 23. Rxd5 Rac8 24. c3 Kf8 25. Bg4 Rc5 26. Rfd2 Rxd5 27. Rxd5 Ke7 28. Be2 Rc8 29. g4 g5 30. Kg3 Rc5 31. Rd4 Ng6 32. Rb4 Rc7 33. Bc4 Nf4 34. Bd5 b5 35. a4 Nd3 36. Rd4 Nf4 37. Rb4 Rc5 38. axb5 axb5 39. c4 Nxd5 40. cxd5 Kf6 41. Kf3 Ke5 42. Ke3 Rc4 43. Rxb5 Rxe4+ 44. Kd3 Rd4+ 45. Ke3 Rxd5 46. Rb7 Ke6 47. b4 Rd1 48. Kf3 Rd3+ 49. Kg2 Rb3 50. Rb8 f5 51. gxf5+ Kxf5 52. b5 d5 53. b6 Ke4 54. b7 Kd4 55. Kf2 h5 56. Kg2 h4 57. Kh2 Rb2+ 58. Kg1 Rb5 59. Kg2 Rb3 60. Kh2 Rb2+ 61. Kg1 Kd3 62. Rd8 Rxb7 63. Rxd5+ Ke4 64. Rxg5 Kf3 65. Rf5+ Kg3 66. Rg5+ Kxh3 67. Re5 Rb2 68. Re3+ Kg4 69. Re1 Kf3 70. Kh1 Kf2 71. Ra1 Rb3 72. Ra2+ Kg3 73. Ra1 h3 74. Rg1+ Kh4 75. Rc1 Kg3 76. Rg1+ Kf2 77. Ra1 Kf3 78. Rc1 Kg3 79. Rd1 Rb2 80. Rc1 Rd2 81. Rb1 Kf2 82. Rc1 Rd3 83. Rb1 Rf3 84. Rc1 Kg3 85. Rb1 h2 86. Rc1 Kh3 87. Rd1 Rg3 88. Rc1 Re3 89. Rd1 Rc3 90. Rb1 Rd3 91. Rc1 Rb3 92. Ra1 Rc3 93. Rb1 Re3 94. Rc1 Ra3 95. Rb1 Rc3 96. Rd1 Kg3 97. Re1 Rf3 98. Rd1 Re3 99. Rc1 Rd3 100. Rb1 Rc3 101. Ra1 Re3 102. Rb1 Ra3 103. Rc1 Rd3 104. Rb1 Rc3 105. Ra1 Kh3 106. Rb1 1/2-1/2


[Site "https://www.chess.com"]

[Event "Titled Tuesday Blitz April 18 Late 2023"]
[White "mjelcic"]
[Black "Ronka, Erik"]
[BlackFideId "505080"]
[WhiteElo "2170"]
[BlackElo "2264"]
[Result "1-0"]
[Round "03"]
[TimeControl "180+2"]
[Date "2023.04.18"]
[WhiteClock "0:00:22"]
[BlackClock "0:00:02"]

1. c4 c6 2. e4 d5 3. exd5 Nf6 4. d4 cxd5 5. Nc3 g6 6. Qb3 Bg7 7. cxd5 O-O 8. Nge2 a5 9. a4 Na6 10. Nf4 Nb4 11. Bc4 Bf5 12. O-O Nc2 13. Ra2 Nb4 14. Ra1 Rc8 15. Nb5 g5 16. Ne2 h6 17. Nec3 Nc2 18. Ra2 Nb4 19. Ra1 Bc2 20. Qa3 Bg6 21. Bb3 Re8 22. Be3 Nfxd5 23. Nxd5 Nxd5 24. Rac1 Nb4 25. Rfd1 Nc2 26. Bxc2 Bxc2 27. Re1 Rc6 28. Nc3 Bg6 29. Nb5 e6 30. h3 Bf8 31. Qb3 Bb4 32. Red1 Be4 33. Nc3 Bxc3 34. Rxc3 Rxc3 35. Qxc3 Bc6 36. h4 Qd5 37. f3 Bxa4 38. Ra1 b5 39. hxg5 hxg5 40. Qxa5 Qb3 41. Qd2 f6 42. Rc1 Qd5 43. Rc5 Qd6 44. Bxg5 Kf7 45. Be3 Rg8 46. Bf4 Qd8 47. Qc3 Bd1 48. Rc7+ Kg6 49. Qd3+ Kh5 50. Rh7# 1-0


[Site "https://www.chess.com"]

[Event "Titled Tuesday Blitz April 18 Late 2023"]
[White "Karas, Marek"]
[Black "Chemin, Justo Reinaldo"]
[WhiteFideId "14928558"]
[BlackFideId "2101580"]
[WhiteElo "2233"]
[BlackElo "1940"]
[Result "1-0"]
[Round "03"]
[TimeControl "180+2"]
[Date "2023.04.18"]
[WhiteClock "0:02:10"]
[BlackClock "0:01:29"]

1. d4 e6 2. e4 d5 3. Bd3 c5 4. exd5 Qxd5 5. Nc3 Qxd4 6. Nf3 Qd8 7. Bf4 a6 8. Qe2 Nc6 9. O-O-O Qa5 10. Nd5 Qxa2 11. Nc7+ Ke7 12. Bd6+ Kf6 13. Ne8# 1-0


[Site "https://www.chess.com"]

[Event "Titled Tuesday Blitz April 18 Late 2023"]
[White "ritanovikova"]
[Black "Lenaerts, Lennert"]
[BlackFideId "211435"]
[WhiteElo "2131"]
[BlackElo "2334"]
[Result "0-1"]
[Round "03"]
[TimeControl "180+2"]
[Date "2023.04.18"]
[WhiteClock "0:00:17"]
[BlackClock "0:02:06"]

1. e4 e5 2. Nf3 Nc6 3. Bc4 Bc5 4. c3 Nf6 5. d4 exd4 6. cxd4 Bb4+ 7. Bd2 Nxe4 8. Bxb4 Nxb4 9. Bxf7+ Kxf7 10. Qb3+ Ke8 11. Qxb4 Qe7 12. Qxe7+ Kxe7 13. O-O Nf6 14. Re1+ Kd8 15. Ne5 Rf8 16. Nc3 d6 17. Nf3 Bg4 18. Ng5 h6 19. Ne6+ Bxe6 20. Rxe6 Kd7 21. Rae1 Rae8 22. R6e3 a6 23. h3 b5 24. a3 Rxe3 25. fxe3 c5 26. dxc5 dxc5 27. e4 Ke6 28. b4 cxb4 29. axb4 Rc8 30. Re3 Rc4 31. e5 Nd7 32. Ne4 Rxb4 33. Nd6 Nxe5 34. Ne8 a5 35. Nc7+ Kd6 36. Ne8+ Kd5 37. Nxg7 a4 38. Nf5 Rb3 39. Ne7+ Ke6 40. Re1 Kxe7 41. Rxe5+ Kd6 42. Re1 a3 43. Ra1 b4 44. g4 Rxh3 45. Kg2 Rb3 0-1


[Site "https://www.chess.com"]

[Event "Titled Tuesday Blitz April 18 Late 2023"]
[White "TheKnightOfBosnia"]
[Black "Kovacevic, Radmila"]
[BlackFideId "933171"]
[WhiteElo "2507"]
[BlackElo "2194"]
[Result "1-0"]
[Round "03"]
[TimeControl "180+2"]
[Date "2023.04.18"]
[WhiteClock "0:00:20"]
[BlackClock "0:00:11"]

1. e4 e5 2. Nf3 f5 3. exf5 e4 4. Qe2 Qe7 5. Nd4 c5 6. Nb5 d5 7. N1c3 Nf6 8. d3 a6 9. Na3 exd3 10. Qxe7+ Bxe7 11. Bxd3 b5 12. Nab1 c4 13. Be2 b4 14. Na4 Bxf5 15. c3 Nbd7 16. cxb4 Bc2 17. Nc5 Nxc5 18. bxc5 Bxc5 19. O-O O-O 20. Bf3 Bd3 21. Rd1 Ne4 22. Be3 d4 23. Bd2 Rae8 24. Na3 Nxf2 25. Kxf2 c3 26. Bc1 cxb2 27. Bxb2 Re2+ 28. Kg3 Bd6+ 29. Kh3 Bf5+ 30. Bg4 Rxb2 31. Bxf5 Rxf5 32. Nc4 Re2 33. Nxd6 Re3+ 34. g3 Rh5+ 35. Kg4 g6 36. Rxd4 Rxh2 37. Rf1 h5+ 38. Kf4 Rhe2 39. Ne4 Kg7 40. Rc1 Kh6 41. Rc6 h4 42. gxh4 Kh5 43. Rc8 g5+ 44. hxg5 Rxe4+ 45. Rxe4 Rf2+ 46. Ke3 Rxa2 47. Re5 Ra3+ 48. Kd4 Ra4+ 49. Kd5 Ra5+ 50. Kd6 Rxe5 51. Kxe5 Kxg5 52. Ra8 a5 53. Rxa5 Kg4 54. Ra2 Kg3 55. Ke4 Kg4 56. Rg2+ Kh3 57. Kf3 Kh4 58. Rg3 Kh5 59. Kf4 Kh6 60. Rg5 Kh7 61. Kf5 Kh6 62. Kf6 Kh7 63. Rh5+ Kg8 64. Rh6 Kf8 65. Rh8# 1-0


[Site "https://www.chess.com"]

[Event "Titled Tuesday Blitz April 18 Late 2023"]
[White "Rios Escobar, Adan"]
[Black "Winkels, Marcel"]
[WhiteFideId "3403645"]
[BlackFideId "1003887"]
[WhiteElo "2506"]
[BlackElo "1900"]
[Result "0-1"]
[Round "03"]
[TimeControl "180+2"]
[Date "2023.04.18"]
[WhiteClock "0:01:56"]
[BlackClock "0:01:43"]

1. d4 Nf6 2. g3 g6 3. Bg2 Bg7 4. e4 O-O 5. Ne2 d6 6. O-O Nbd7 7. Nbc3 e5 8. a4 Re8 9. h3 exd4 10. Nxd4 Nc5 11. Re1 a5 12. Bf4 Ne6 13. Nxe6 Bxe6 14. Qd2 Nd7 15. Bg5 f6 16. Bh6 Ne5 17. Bxg7 Kxg7 18. b3 Bxh3 19. f4 Bxg2 20. Kxg2 Nf7 21. Rad1 Qc8 22. Nd5 c6 23. Nb6 Qc7 24. Nxa8 Rxa8 25. Qxd6 Nxd6 26. e5 fxe5 27. fxe5 Nf5 28. g4 Ne7 29. e6 Qf4 30. Rd7 Qxg4+ 31. Kh2 Qh4+ 32. Kg2 Qxe1 33. Rxe7+ Kf6 34. Rxh7 Qxe6 35. Rxb7 Rd8 36. b4 Rd2+ 37. Kg3 Qe5+ 38. Kf3 Qc3+ 39. Kf4 Rd4# 0-1


[Site "https://www.chess.com"]

[Event "Titled Tuesday Blitz April 18 Late 2023"]
[White "Dias, Joao Batista"]
[Black "Petrovic, Aleksa"]
[WhiteFideId "2108240"]
[BlackFideId "967629"]
[WhiteElo "1907"]
[BlackElo "2309"]
[Result "0-1"]
[Round "03"]
[TimeControl "180+2"]
[Date "2023.04.18"]
[WhiteClock "0:00:45"]
[BlackClock "0:01:07"]

1. e4 c6 2. d4 d5 3. Nd2 dxe4 4. Nxe4 Bf5 5. Ng3 Bg6 6. Nf3 e6 7. Bd3 Bxd3 8. Qxd3 Qa5+ 9. Bd2 Qb5 10. O-O Qxd3 11. cxd3 Nf6 12. Ne4 Nbd7 13. Bc3 Be7 14. h3 Nd5 15. Ne5 Nxe5 16. dxe5 O-O-O 17. Rfd1 Rd7 18. Kf1 Rhd8 19. d4 Kb8 20. g3 Nxc3 21. bxc3 c5 22. Ke2 cxd4 23. cxd4 Rxd4 24. Rxd4 Rxd4 25. Ke3 Rd5 26. f4 f5 27. Nc3 Rd7 28. Rd1 Bc5+ 29. Ke2 Rxd1 30. Nxd1 Kc7 31. g4 g6 32. Nb2 Kc6 33. Kd3 b5 34. Nd1 a5 35. Nc3 Bb4 36. Ne2 Bc5 37. gxf5 gxf5 38. Nc3 Bg1 39. Ne2 Bf2 40. Nc1 Kd5 41. Ne2 Be1 42. Nd4 b4 43. Nc2 Bg3 44. Ke3 Kc4 45. Kf3 Bh4 46. Ke2 a4 47. Kd2 Bg3 48. Ke3 b3 49. axb3+ axb3 50. Na3+ Kc3 51. Nb1+ Kc2 52. Na3+ Kc1 53. Kf3 Be1 54. Ke2 Bb4 0-1


[Site "https://www.chess.com"]

[Event "Titled Tuesday Blitz April 18 Late 2023"]
[White "Hajiyev, Kanan"]
[Black "Aung Thant Zin"]
[WhiteFideId "13404148"]
[BlackFideId "13000063"]
[WhiteElo "2103"]
[BlackElo "2278"]
[Result "1-0"]
[Round "03"]
[TimeControl "180+2"]
[Date "2023.04.18"]
[WhiteClock "0:02:03"]
[BlackClock "0:00:14"]

1. d4 Nf6 2. c4 e6 3. Nc3 Bb4 4. Qb3 c5 5. dxc5 Bxc5 6. Nf3 O-O 7. Bg5 Nc6 8. e3 a6 9. Bd3 h6 10. Bh4 Be7 11. O-O Qc7 12. Bg3 Qa5 13. Rfd1 d6 14. a3 Rd8 15. Qc2 Bd7 16. b4 Qb6 17. Rac1 Rac8 18. Qb3 Be8 19. h3 Nd7 20. Ne4 Nf8 21. c5 dxc5 22. Nxc5 Bxc5 23. Rxc5 Na7 24. Rdc1 Rxc5 25. Rxc5 Nb5 26. Bxb5 axb5 27. Bc7 1-0


[Site "https://www.chess.com"]

[Event "Titled Tuesday Blitz April 18 Late 2023"]
[White "Vargas, Mauricio"]
[Black "Koutlas, Nikolaos"]
[WhiteFideId "4404572"]
[BlackFideId "25827138"]
[WhiteElo "1998"]
[BlackElo "2215"]
[Result "1-0"]
[Round "03"]
[TimeControl "180+2"]
[Date "2023.04.18"]
[WhiteClock "0:01:07"]
[BlackClock "0:02:22"]

1. e4 e6 2. f4 d5 3. e5 c5 4. Nf3 Nc6 5. Bb5 Bd7 6. Bxc6 Bxc6 7. d3 d4 8. O-O Ne7 9. Nbd2 Nf5 10. Ne4 Be7 11. Qe1 h5 12. Bd2 Qc7 13. g3 O-O-O 14. Rb1 f6 15. a3 h4 16. g4 Ne3 17. Bxe3 dxe3 18. Qxe3 f5 19. Neg5 fxg4 20. Nxe6 Qd7 21. Nxd8 Bxf3 22. Nf7 Rf8 23. e6 Qd5 24. c4 Qc6 25. Rbe1 Bf6 26. e7 Rxf7 27. e8=Q+ Kc7 28. Qxf7+ Kb6 29. Rxf3 gxf3 30. Qfe6 Bd4 31. Qxc6+ Kxc6 32. Qxd4 cxd4 33. Re4 1-0


[Site "https://www.chess.com"]

[Event "Titled Tuesday Blitz April 18 Late 2023"]
[White "Szpar, Milosz"]
[Black "tandercat"]
[WhiteFideId "1184989"]
[WhiteElo "2436"]
[BlackElo "1960"]
[Result "1-0"]
[Round "03"]
[TimeControl "180+2"]
[Date "2023.04.18"]
[WhiteClock "0:01:00"]
[BlackClock "0:00:06"]

1. e4 c5 2. Nf3 Nc6 3. d4 cxd4 4. Nxd4 e5 5. Nb5 d6 6. c4 Be7 7. N1c3 a6 8. Na3 f5 9. exf5 Bxf5 10. Bd3 Be6 11. O-O Nf6 12. Nc2 O-O 13. b3 Kh8 14. Bg5 Ng4 15. Bxe7 Qxe7 16. h3 Nf6 17. Qd2 Nh5 18. Be4 Rad8 19. Nd5 Bxd5 20. cxd5 Nb8 21. Rae1 Nd7 22. g3 Nc5 23. Bg2 Qf6 24. b4 Nd7 25. Ne3 Qg5 26. h4 Qg6 27. Qd1 Nhf6 28. Qb1 Qxb1 29. Rxb1 Rc8 30. Rbc1 Kg8 31. Bh3 Kf7 32. Be6+ Kg6 33. Nf5 Rxc1 34. Rxc1 Ne4 1-0


[Site "https://www.chess.com"]

[Event "Titled Tuesday Blitz April 18 Late 2023"]
[White "Marek, Matyas"]
[Black "Fuzesabonyilaci"]
[WhiteFideId "335398"]
[WhiteElo "2279"]
[BlackElo "2347"]
[Result "1-0"]
[Round "03"]
[TimeControl "180+2"]
[Date "2023.04.18"]
[WhiteClock "0:00:18"]
[BlackClock "0:00:02"]

1. Nf3 d5 2. g3 Nf6 3. Bg2 Nc6 4. O-O e5 5. d3 Be7 6. Nbd2 O-O 7. e4 a5 8. Re1 d4 9. Nc4 Nd7 10. a4 f6 11. c3 Nc5 12. cxd4 exd4 13. h4 Be6 14. Bf4 Nb4 15. Bf1 c6 16. Rc1 b5 17. axb5 cxb5 18. Na3 Qd7 19. e5 Bg4 20. exf6 gxf6 21. Nxb5 Qxb5 22. Rxe7 Nbxd3 23. Rc2 Rae8 24. Rxe8 Rxe8 25. Rxc5 Qxc5 26. Qxd3 Qd5 27. Nxd4 Kh8 28. Qb5 Qxb5 29. Bxb5 Rd8 30. Be3 Rb8 31. b3 Kg7 32. Bc4 f5 33. Bf4 Rc8 34. Be5+ Kg6 35. Ne6 Bf3 36. Nf4+ Kh6 37. Be2 Rc1+ 38. Bf1 Rb1 39. Bf6 Rxb3 40. Bg5+ Kg7 41. Ne6+ Kf7 42. Nd4 Ra3 43. Nxf3 Rxf3 44. Bc4+ Ke8 45. Bg8 a4 46. Bxh7 a3 47. Bf6 a2 48. Kg2 Ra3 49. Bxf5 a1=Q 50. Bxa1 Rxa1 51. h5 Kf7 52. f4 Kg7 53. g4 Ra4 54. Kg3 Ra3+ 55. Kh4 Ra4 56. Kg5 Ra5 57. h6+ Kh8 58. Kh4 Ra4 59. Kg3 Ra3+ 60. Kh4 Ra4 61. Kg5 Ra5 62. Kf6 Ra6+ 63. Be6 Ra4 64. Kf5 Ra5+ 65. Kg6 Ra4 66. Kg5 Ra5+ 67. f5 Ra7 68. Kf6 Kh7 69. g5 Ra6 70. Ke7 Ra7+ 71. Bd7 Ra8 72. f6 Kh8 73. g6 Ra7 74. g7+ Kh7 75. f7 Kxh6 76. g8=Q Ra6 77. f8=Q+ 1-0


[Site "https://www.chess.com"]

[Event "Titled Tuesday Blitz April 18 Late 2023"]
[White "brm72"]
[Black "Kraus, Tomas"]
[BlackFideId "331708"]
[WhiteElo "2595"]
[BlackElo "2389"]
[Result "1/2-1/2"]
[Round "03"]
[TimeControl "180+2"]
[Date "2023.04.18"]
[WhiteClock "0:00:27"]
[BlackClock "0:00:07"]

1. d4 Nf6 2. c4 e6 3. g3 Bb4+ 4. Bd2 Qe7 5. Nf3 Nc6 6. Bg2 Bxd2+ 7. Qxd2 Ne4 8. Qc2 Qb4+ 9. Kf1 d5 10. cxd5 exd5 11. e3 Bf5 12. Qc1 Qb5+ 13. Kg1 Qe2 14. Qe1 Qxb2 15. Nbd2 Nc3 16. h3 O-O 17. Kh2 Rfe8 18. Nh4 Bd3 19. Nhf3 Re7 20. Nb3 Ne4 21. Kg1 Rae8 22. Nfd2 a5 23. Nxe4 Bxe4 24. Bxe4 Rxe4 25. Nc5 R4e7 26. Qb1 Qxb1+ 27. Rxb1 b6 28. Nd3 Nd8 29. Kg2 f6 30. Rhc1 Kf7 31. Nf4 Rd7 32. Nxd5 Rxd5 33. Rxc7+ Re7 34. Rxe7+ Kxe7 35. Rxb6 Ne6 36. h4 Nc7 37. Kf3 Rb5 38. Rc6 Kd7 39. Rc3 Nd5 40. Ra3 Kc7 41. Ke4 Kb6 42. Kd3 Nb4+ 43. Kc4 Nc2 44. Rc3 Rb2 45. a3 Ne1 46. f4 Ng2 47. e4 Re2 48. Kd5 Ne3+ 49. Kd6 Nc2 50. Kd5 Kb5 51. e5 fxe5 52. dxe5 Ne3+ 53. Ke6 Nc4 54. g4 Re3 55. Rxe3 Nxe3 56. f5 Nxg4 57. f6 gxf6 58. exf6 Nxf6 59. Kxf6 Ka4 60. Kg7 Kxa3 61. Kxh7 Kb4 62. h5 a4 63. h6 a3 64. Kg8 a2 65. h7 a1=Q 66. h8=Q Qxh8+ 67. Kxh8 1/2-1/2


[Site "https://www.chess.com"]

[Event "Titled Tuesday Blitz April 18 Late 2023"]
[White "Napoli, Nicolo"]
[Black "Erzhanov, Arman"]
[WhiteFideId "813702"]
[BlackFideId "4138821"]
[WhiteElo "2308"]
[BlackElo "2138"]
[Result "0-1"]
[Round "03"]
[TimeControl "180+2"]
[Date "2023.04.18"]
[WhiteClock "0:00:09"]
[BlackClock "0:00:58"]

1. e4 d6 2. d4 Nf6 3. Nc3 c6 4. f4 d5 5. e5 Ng8 6. Nf3 h5 7. Be3 Nh6 8. Qd2 g6 9. O-O-O Bf5 10. h3 e6 11. Rg1 Be7 12. g3 Nd7 13. Nh2 Be4 14. g4 hxg4 15. hxg4 Bb4 16. a3 Ba5 17. b4 Bb6 18. Nxe4 dxe4 19. Bg2 a5 20. Bxe4 axb4 21. axb4 Ng8 22. f5 Ne7 23. Nf3 gxf5 24. gxf5 exf5 25. Bd3 Nf8 26. Kb2 Ne6 27. c3 Qd5 28. Ra1 Qxf3 29. Rxa8+ Bd8 30. Rf1 Qg3 31. Rf2 Rh3 32. Re2 Nd5 33. Bxf5 Nxe3 34. Bxh3 Nc4+ 35. Kc2 Nxd2 36. Bxe6 fxe6 37. Kxd2 Kd7 38. Ra7 Bg5+ 39. Kc2 Kc7 40. Ra2 Kb6 41. Kb3 Qf3 42. Rac2 Qd5+ 43. Kb2 Qc4 44. Re1 Kb5 45. Ra1 b6 46. Ra3 Be3 47. Rb3 Ka6 48. Ra3+ Kb7 49. Ra4 Qd3 50. b5 cxb5 51. Rb4 Bg5 52. Kb3 Be7 0-1


[Site "https://www.chess.com"]

[Event "Titled Tuesday Blitz April 18 Late 2023"]
[White "Tokman, Ariel"]
[Black "Ng, Gary"]
[WhiteFideId "117420"]
[BlackFideId "2604914"]
[WhiteElo "2263"]
[BlackElo "2308"]
[Result "1-0"]
[Round "03"]
[TimeControl "180+2"]
[Date "2023.04.18"]
[WhiteClock "0:00:11"]
[BlackClock "0:00:08"]

1. e4 b6 2. Bc4 Bb7 3. d3 e6 4. a3 Nf6 5. Nf3 d5 6. exd5 exd5 7. Bb3 Bd6 8. O-O O-O 9. Bg5 h6 10. Bh4 Nbd7 11. Nc3 c6 12. Re1 Qc7 13. Bg3 Rfe8 14. Nd4 Rxe1+ 15. Qxe1 Re8 16. Qd2 Nc5 17. Ba2 Bxg3 18. hxg3 Qe5 19. Nf3 Qd6 20. Re1 Rxe1+ 21. Qxe1 Bc8 22. Qe5 Qxe5 23. Nxe5 Bd7 24. Nxd7 Nfxd7 25. f3 Kf8 26. b4 Ne6 27. b5 cxb5 28. Nxd5 Nd4 29. Ne3 Ke7 30. Kf2 g6 31. c3 Nc6 32. d4 Na5 33. Nd5+ Kd6 34. Nb4 f6 35. Ke2 Nb8 36. Kd3 Nbc6 37. Nxc6 Nxc6 38. Bf7 g5 39. Ke4 Ne7 40. Be8 f5+ 41. Kd3 a6 42. Bf7 Nc6 43. Be8 Ne7 44. Kc2 Nd5 45. Kd2 Nf6 46. Bf7 Ke7 47. Bg6 Ke6 48. Kd3 Nd5 49. Bh7 Nf6 50. Bg6 Nd5 51. Be8 f4 52. g4 Kd6 53. a4 bxa4 54. Bxa4 b5 55. Bb3 Nf6 56. Bf7 Kc6 57. c4 bxc4+ 58. Kxc4 Kd6 59. Bg6 Nd7 60. Bc2 Nb6+ 61. Kd3 a5 62. Bb3 a4 63. Ba2 a3 64. Ke4 Na4 65. Kf5 Nc3 66. Bb3 a2 67. Bxa2 Nxa2 68. Kg6 Nc1 69. Kxh6 Nd3 70. Kxg5 Kd5 71. Kf5 Kxd4 72. g5 Ke3 73. g6 Ne1 74. g7 Nxg2 75. g8=Q Nh4+ 76. Kg4 Nxf3 77. Qb3+ 1-0


[Site "https://www.chess.com"]

[Event "Titled Tuesday Blitz April 18 Late 2023"]
[White "Harish, Neeraj"]
[Black "Silva, Caio Henrique Angelico"]
[WhiteFideId "30958130"]
[BlackFideId "22777210"]
[WhiteElo "1965"]
[BlackElo "2096"]
[Result "0-1"]
[Round "03"]
[TimeControl "180+2"]
[Date "2023.04.18"]
[WhiteClock "0:00:54"]
[BlackClock "0:02:03"]

1. e4 c6 2. d4 d5 3. e5 c5 4. Nf3 Nc6 5. dxc5 Bg4 6. c3 e6 7. Be3 Nge7 8. Nbd2 Nf5 9. Bd4 Be7 10. h3 Bxf3 11. Nxf3 O-O 12. Bd3 Nfxd4 13. cxd4 b6 14. cxb6 Qxb6 15. O-O Qxb2 16. Rc1 Nb4 17. Bb1 Rfc8 18. Rxc8+ Rxc8 19. Qa4 Rc1 20. Qe8+ Bf8 21. Bxh7+ Kxh7 22. Ng5+ Kg6 23. Qxf7+ Kxg5 24. Qxf8 Rxf1+ 25. Kxf1 Qc1+ 26. Ke2 Qc2+ 27. Kf3 Qf5+ 0-1


[Site "https://www.chess.com"]